Map: Odyssey LE

Players

kenzu - Winner!

  • Race: Terran Terran
  • League: Diamond
  • Spawn Location: 5:00

Dessa

  • Race: Zerg Zerg
  • League: Diamond
  • Spawn Location: 11:00

VOD

Have the link to the VOD?

Description

Time

  • Played on: Jan. 9, 2018, 3:17 p.m.
  • Length: 8:29
Show
View Real Time Build Order
Export as new Build Order

kenzu Terran - Winner!

Build Orders: Liberator Opening, Reaper Expand, MMM Bio 

Get SALT Encoding   

  12  0:01  SCV  
  13  0:13  SCV  
  14  0:21  Supply Depot  
  14  0:25  SCV  
  15  0:30  Refinery  
  15  0:43  SCV  
  15  0:48  Barracks  
  16  0:55  SCV  
  17  1:07  SCV  
  18  1:19  SCV  
  19  1:34  Orbital Command  
  19  1:35  Reaper  
  20  1:45  Command Center  
  20  1:59  Factory  
  20  2:00  SCV  
  21  2:07  Supply Depot  
  21  2:12  Barracks Reactor  
  21  2:14  SCV  
  22  2:18  Refinery  
  22  2:27  SCV  
  23  2:39  SCV  
  24  2:51  SCV  
  25  2:56  Orbital Command  
  24  3:06  SCV, Starport  
  24  3:08  Hellion x2  
  24  3:09  Barracks Tech Lab  
  29  3:19  SCV  
  30  3:23  SCV  
  31  3:29  Hellion x2  
  31  3:31  Stimpack  
  35  3:34  Liberator  
  35  3:44  SCV x2  
  37  3:49  Engineering Bay  
  37  3:52  Supply Depot  
  40  3:57  Hellion x2  
  40  3:58  SCV x2  
  46  4:05  Supply Depot  
  46  4:36  Barracks  
  46  4:37  Barracks, Starport Reactor  
  46  4:40  Factory Tech Lab  
  46  4:42  Marine  
  47  4:55  Engineering Bay  
  47  4:59  Supply Depot  
  47  5:00  Marine  
  47  5:01  SCV x2  
  47  5:03  Siege Tank  
  53  5:17  Marine  
  54  5:30  SCV x2  
  54  5:31  Marine x3  
  54  5:32  Medivac x2  
  54  5:35  Marine  
  60  5:49  Marine  
  54  6:02  SCV x2, Marine  
  54  6:03  Marine x2  
  55  6:04  Terran Infantry Weapons Level 1, Terran Infantry Armor Level 1  
  55  6:06  Marine  
  55  6:07  Armory  
  55  6:09  Refinery  
  56  6:12  Refinery  
  56  6:15  Command Center  
  56  6:20  Marine  
  57  6:26  Supply Depot  
  57  6:28  Marine  
  57  6:29  Supply Depot, Marine  
  57  6:30  Combat Shields  
  60  6:38  Marine  
  60  6:39  Siege Tank  
  64  6:46  Marine, Barracks Reactor  
  64  6:50  Barracks  
  64  6:52  Barracks  
  64  6:54  Barracks  
  64  6:55  SCV x2  
  64  7:00  Marine x2  
  68  7:03  Medivac  
  68  7:04  Marine  
  68  7:07  SCV x2  
  73  7:17  Marine  
  73  7:18  Marine  
  73  7:19  Siege Tank  
  73  7:21  Marine  
  79  7:35  Marine x2  
  81  7:39  Marine  
  81  7:41  Marine x2  
  81  7:42  Medivac x2  
  88  7:53  Marine  
  88  7:54  Marauder  
Show
View Real Time Build Order
Export as new Build Order

Dessa Zerg 

Build Orders: Hatch First 

Get SALT Encoding   

  12  0:00  Drone  
  13  0:12  Overlord  
  13  0:16  Drone  
  14  0:30  Drone  
  14  0:31  Drone  
  14  0:34  Drone  
  17  0:53  Hatchery  
  17  0:57  Drone  
  17  1:00  Extractor  
  17  1:02  Drone  
  17  1:17  Spawning Pool  
  16  1:19  Drone  
  16  1:24  Drone  
  18  1:29  Overlord  
  18  1:39  Drone  
  19  1:49  Drone  
  20  2:03  Metabolic Boost  
  20  2:04  Queen  
  20  2:06  Queen  
  24  2:10  Zergling x2  
  24  2:12  Drone  
  26  2:16  Drone  
  26  2:18  Drone  
  28  2:23  Zergling x2  
  28  2:27  Drone  
  29  2:59  Drone x4  
  29  3:00  Drone, Overlord  
  34  3:13  Evolution Chamber  
  34  3:14  Drone x2  
  34  3:15  Baneling Nest  
  34  3:16  Hatchery  
  33  3:22  Drone  
  34  3:29  Overlord x2  
  34  3:36  Queen  
  36  3:42  Zergling x6  
  36  3:44  Drone  
  36  3:45  Drone  
  36  3:46  Drone  
  42  3:53  Zerg Ground Armor Level 1  
  42  4:05  Overlord  
  42  4:15  Lair  
  42  4:19  Drone x5, Extractor  
  42  4:21  Drone x2, Extractor  
  42  4:23  Overlord  
  47  4:31  Queen  
  49  4:41  Drone x3  
  49  4:42  Drone x3  
  49  4:43  Overlord  
  55  4:50  Zergling x2  
  55  4:51  Zergling x8  
  60  5:02  Zergling x2  
  60  5:03  Zergling x2  
  58  5:27  Spore Crawler  
  53  5:38  Spore Crawler  
  46  5:48  Zergling x8  
  46  5:49  Zergling x8  
  44  5:57  Drone  
  44  5:58  Drone x5  
  50  6:09  Drone x3  
  50  6:10  Drone  
  54  6:11  Drone x2  
  56  6:25  Drone x4  
  60  6:27  Drone x3  
  60  6:31  Overlord  
  63  6:36  Evolution Chamber  
  63  6:38  Baneling x3  
  63  6:39  Baneling x4  
  62  6:40  Baneling  
  62  6:44  Hydralisk Den  
  62  6:46  Drone  
  62  6:48  Drone, Extractor  
  62  6:49  Drone x2  
  62  6:50  Drone, Overlord  
  66  7:01  Drone x3  
  66  7:02  Drone x3  
  66  7:03  Drone x3  
  74  7:19  Zergling x2  
  74  7:20  Zergling x10  
  73  7:37  Zergling x2  
  73  7:38  Zergling x2  
Tags
 
Add a new tag
Caveats
  • Supply blocks, unpowered buildings, or Contaminate may cause inaccurate times.
  • Supply counts are checked every 10 seconds.